 Dungeon Crawl Stone Soup version 0.29-a0-925-g0a7a3d12f8 (webtiles) character file.

Game seed: 10635506389540379062

296 ZappyNine the Magician (level 6, -4/47 HPs)
             Began as a Djinni Conjurer on July 29, 2022.
             Slain by a sky beast (5 damage)
             ... on level 4 of the Dungeon.
             The game lasted 00:07:15 (4949 turns).

ZappyNine the Magician (Djinni Conjurer)            Turns: 4949, Time: 00:07:16

Health: -4/47      AC:  2    Str:  6    XL:     6   Next: 61%
Gold:   83         EV: 12    Int: 22    God:
                   SH:  5    Dex: 11

rFire   + + .      SeeInvis .   f - +3 dagger (drain)
rCold   x . .      Faith    .   (no shield)
rNeg    . . .      Spirit   .   a - +0 robe
rPois   ∞          Reflect  +   (no helmet)
rElec   .          Harm     .   (no cloak)
rCorr   .          Rampage  .   (no gloves)
Will    .....                   (boots unavailable)
Stlth   ++........              j - amulet of reflection
HPRegen 0.15/turn               (no ring)
MPRegen 0.00/turn               (no ring)

@: flying
A: sickness immunity, fire resistance 2, cold vulnerability 1, float, innate
caster, HP casting, extra vitality 1
a: no special abilities


You were on level 4 of the Dungeon.
You visited 1 branch of the dungeon, and saw 4 of its levels.

You collected 265 gold pieces.
You spent 182 gold pieces at shops.

Inventory:

Hand Weapons
 f - a +3 dagger of draining (weapon)
Armour
 a - a +0 robe (worn)
Jewellery
 j - an amulet of reflection (around neck)
 s - a ring of fire
Scrolls
 c - a scroll of blinking
 g - 2 scrolls of vulnerability
 k - 2 scrolls of immolation
 n - a scroll of noise
 o - 2 scrolls of teleportation
 p - a scroll of fear
Potions
 b - a potion of brilliance {unknown}
 d - 2 potions of heal wounds
 e - a potion of mutation {unknown}
 i - a potion of curing
 l - 2 potions of haste


   Skills:
 * Level 3.6 Fighting
 + Level 3.6 Dodging
 - Level 1.5 Stealth
 * Level 4.4 Spellcasting


You couldn't memorise any spells.
You knew the following spells:

 Your Spells              Type           Power      Damage    Failure   Level
a - Magic Dart            Conj           96%        1d7       1%          1
b - Searing Ray           Conj           48%        2d6       2%          2
c - Dazzling Flash        Conj/Hex       48%        N/A       5%          3
d - Fulminant Prism       Conj/Hex       12%        3d9       17%         4
e - Iskenderun's Mystic   Conj/Tloc      24%        2d7       17%         4
f - Sting                 Tmut/Pois      96%        1d7       1%          1
g - Poisonous Vapours     Pois/Air       48%        N/A       2%          2
Your spell library was empty.

Dungeon Overview and Level Annotations

Branches:
Dungeon (4/15)
 Temple: D:4-7

Altars:
Uskayaw
Wu Jian

Shops:
D:3 ?


Innate Abilities, Weirdness & Mutations

You are immune to sickness and miasma.
You are immune to poison.
Your flesh is very heat resistant. (rF++)
You are vulnerable to cold. (rC-)
You float through the air rather than walking.
You learn spells naturally, not from books.
Your magical power is your life essence.
You have superior vitality. (+4 MHP)


Message History

Your fulminant prism explodes!
The blast of energy engulfs the sky beast!
The sky beast is moderately wounded.
The sky beast flickers out of sight!
Deactivating autopickup; reactivate with Ctrl-A.
You see here a +0 flail.
Casting: Fulminant Prism (quite dangerous; 17% risk of failure)
Confirm with . or Enter, or press ? or * to list all spells.
The spell is quite dangerous to miscast (17% risk of failure)!
Continue anyway?
Aiming: Fulminant Prism (quite dangerous; 17% risk of failure)
Press: ? - help, Dir - move target You conjure a prism of explosive energy!
A fulminant prism comes into view.
Your fulminant prism crackles loudly.
Your fulminant prism explodes!
You start resting.
Something hits you but does no damage.
Casting: Fulminant Prism (quite dangerous; 17% risk of failure)
Confirm with . or Enter, or press ? or * to list all spells.
Aiming: Searing Ray (safe; 2% risk of failure)
Press: ? - help, Shift-Dir - straight line The searing ray hits something! (Press . to maintain the ray.)
Something hits you. Something shocks you.
The searing ray hits something.
A sky beast appears from thin air!
Reactivating autopickup.
The sky beast hits you but does no damage.
The searing ray misses the sky beast.
The sky beast flickers out of sight!
Deactivating autopickup; reactivate with Ctrl-A.
Something hits you.
* * * LOW HITPOINT WARNING * * *
Something shocks you.
* * * LOW HITPOINT WARNING * * *
The searing ray hits something.
* * * LOW HITPOINT WARNING * * *
You finish channelling your searing ray.
Something hits you.
* * * LOW HITPOINT WARNING * * *
Something shocks you.
You die...

####..# ####......##
##..........#
...).......#
....)...... .
..?..).... #.####
####)........
#..#.###@{).........
#.......###........
##......## #........
##........####.....##
#....†.....## #...##
##...........# ...#
#............# #...#
##..........## .....
##.#.......## .....


There were no monsters in sight!

Vanquished Creatures
  Natasha (twice) (D:2)
  2 orc wizards (D:3)
  4 gnolls (D:4)
  5 adders
  3 river rats (D:3)
  2 worms
  2 dart slugs
  8 orcs
  3 ball pythons
  5 endoplasms
  6 giant cockroaches
  2 hobgoblins
  8 kobolds
  3 quokkas
  7 bats
  2 frilled lizards
  5 goblins
  7 rats
76 creatures vanquished.

Vanquished Creatures (others)
  8 fulminant prisms
8 creatures vanquished.

Grand Total: 84 creatures vanquished

Notes
Turn   | Place    | Note
-------+----------+-------------------------------------------
     0 | D:1      | ZappyNine the Djinni Conjurer began the quest for the Orb.
     0 | D:1      | ZappyNine set off with the following spells memorised:
                  | Magic Dart, Searing Ray, Dazzling Flash, Fulminant Prism,
                  | Iskenderun's Mystic Blast.
     0 | D:1      | Reached XP level 1. HP: 15/15 MP: 0/0
   491 | D:1      | Reached XP level 2. HP: 21/22 MP: 0/0
   805 | D:1      | Reached skill level 1 in Fighting
  1232 | D:1      | Reached XP level 3. HP: 25/27 MP: 0/0
  1232 | D:1      | Learned a level 1 spell: Sting
  1690 | D:2      | Reached XP level 4. HP: 13/33 MP: 0/0
  2301 | D:2      | Noticed Natasha
  2304 | D:2      | Killed Natasha
  2593 | D:2      | Noticed Natasha
  2603 | D:2      | Killed Natasha
  2604 | D:2      | Reached XP level 5. HP: 16/39 MP: 0/0
  2604 | D:2      | Learned a level 2 spell: Poisonous Vapours
  2890 | D:3      | Reached skill level 4 in Spellcasting
  3153 | D:3      | Found Odaumen's Magic Scroll Emporium.
  3173 | D:3      | Bought a scroll of identify for 26 gold pieces
  3173 | D:3      | Bought a scroll of noise for 13 gold pieces
  3173 | D:3      | Bought a scroll of teleportation for 39 gold pieces
  3173 | D:3      | Bought a scroll of fear for 52 gold pieces
  3173 | D:3      | Bought a scroll of immolation for 52 gold pieces
  3440 | D:3      | Reached XP level 6. HP: 17/46 MP: 0/0
  4332 | D:3      | Found an ornate altar of the Wu Jian Council.
  4410 | D:3      | Found a faded altar of an unknown god.
  4620 | D:4      | Found a hide-covered altar of Uskayaw.
  4930 | D:4      | Noticed a sky beast
  4949 | D:4      | HP: 1/47 [something (4)]
  4949 | D:4      | Slain by a sky beast

Illustrated notes

Levels and vault maps discovered:
D:1:      wander_arrival_peaceful_grave, layout_loops_ring
D:2:      layout_rooms, hangedman_decor_opposing, uniq_natasha
D:3:      layout_loops_ring, nicolae_wu_jian_immortal_techniques,
          hellmonk_ecumenical_altar_leap_of_faith, portal_sewer_entry_e,
          serial_shops, nicolae_shop_advertising_works
          [nicolae_subvault_shop_adworks], minmay_door_square
D:4:      layout_cave_pods, fedhas_altar_4, nicolae_overflow_crystal_walls,
          uniq_duvessa

Skill      XL: |  1  2  3  4  5 |
---------------+----------------+-----
Fighting       | 1 2 3 |  3.6
Dodging        | 3 |  3.6
Spellcasting   | 4 |  4.4
Stealth        | |  1.5

Action                   |  1- 3 |  4- 6 || total
-------------------------+-------+-------++-------
Melee: Dagger            |    30 |    21 ||    51
 Cast: Magic Dart        |    16 |    10 ||    26
       Searing Ray       |     5 |    16 ||    21
       Sting             |     1 |       ||     1
       Fulminant Prism   |       |     8 ||     8
       Poisonous Vapours |       |    43 ||    43
  Use: Scroll            |       |     8 ||     8
 Stab: Sleeping          |     3 |       ||     3
       Distracted        |       |     2 ||     2
Armor: Robe              |    11 |     3 ||    14
Dodge: Dodged            |    23 |    19 ||    42
Block: Other             |       |    11 ||    11
       Reflection        |       |     1 ||     1

Table legend: (Time is in decaauts)
 A = Elapsed time spent in this place.
 B = Non-inter-level travel time spent in this place.
 C = Inter-level travel time spent in this place.
 D = Time resting spent in this place.
 E = Time spent auto-exploring this place.
 F = Levels seen in this place.
 G = Mean time per level.
                   A        B        C        D        E       F      G
               +--------+--------+--------+--------+--------+-----+--------+
         Total |   4947 |   4885 |     62 |   1728 |   2603 |   4 | 1236.8 |
       Dungeon |   4947 |   4885 |     62 |   1728 |   2603 |   4 | 1236.8 |
               +--------+--------+--------+--------+--------+-----+--------+

Top non-repeatable levels by time:
     D:3: 1764 daAuts
     D:2: 1437 daAuts
     D:1: 1369 daAuts
     D:4: 375 daAuts
